 Dungeon Crawl Stone Soup version 0.19-a0-1889-g9c603be (webtiles) character file.

2498 Goblin1989 the Slicer (level 9, -13/58 HPs)
             Began as a Demonspawn Assassin on Oct 17, 2016.
             Was a Priest of Hepliaklqana.
             Mangled by a two-headed ogre
             ... wielding a +0 giant club
              (14 damage)
             ... on level 9 of the Dungeon.
             The game lasted 00:23:42 (7656 turns).

Goblin1989 the Slicer (Demonspawn Assassin)         Turns: 7656, Time: 00:23:43

Health: -13/58     AC:  6    Str: 12    XL:     9   Next: 28%
Magic:  0/9        EV: 11    Int: 12    God:    Hepliaklqana [***...]
Gold:   471        SH:  9    Dex: 18    Spells: 1 memorised, 7 levels left

rFire  . . .     SeeInvis .     a - +1 dagger (venom)
rCold  . . .     Gourm    .     H - +0 robe (curse)
rNeg   . . .     Faith    .     A - +0 shield
rPois  .         Spirit   +     (helmet restricted)
rElec  .         Reflect  .     d - +0 cloak
rCorr  .         Harm     .     z - +0 pair of gloves
MR     +....                    (no boots)
Stlth  +++.......               D - amulet of guardian spirit
                                (no ring)
                                m - ring of protection from magic

@: drained
A: reduced essence, horns 1, yellow scales 1, powered by pain 2, spiny 1
a: Recall Ancestor, Ancestor Identity, Transference, Renounce Religion


You were on level 9 of the Dungeon.
You worshipped Hepliaklqana.
Hepliaklqana was most pleased with you.
You were not hungry.

You visited 2 branches of the dungeon, and saw 10 of its levels.
You also visited: Sewer.

You collected 471 gold pieces.

Inventory:

Hand Weapons
 a - a +1 dagger of venom (weapon)
 l - a +2 dagger of draining
 w - a +0 blowgun {@w1}
Missiles
 e - 39 poisoned needles
 f - a curare-tipped needle
 Z - 3 throwing nets {=f, !d}
Armour
 d - a +0 cloak (worn)
 z - a +0 pair of gloves (worn)
 A - a +0 shield (worn)
 H - a cursed +0 robe (worn)
Jewellery
 m - a ring of protection from magic (left hand)
 D - an amulet of guardian spirit (around neck)
Wands
 E - a wand of polymorph (16/24)
Scrolls
 j - 4 scrolls of teleportation {unknown}
 k - 3 scrolls of fear {unknown}
 n - 2 scrolls of enchant armour {unknown}
 p - 2 scrolls of enchant weapon {unknown}
 r - 3 scrolls of amnesia {unknown}
 u - 2 scrolls of fog {unknown}
 v - 2 scrolls of random uselessness {unknown}
 x - 3 scrolls of noise {unknown}
 y - a scroll of recharging {unknown}
 C - 3 scrolls of remove curse {unknown}
 R - 4 scrolls of identify {@r1}
Potions
 b - 2 potions of brilliance
 h - 6 potions of flight
 i - 5 potions of curing {@q1}
 q - a potion of magic
 s - a potion of ambrosia
 t - 2 potions of haste {!q, @q3}
 B - 2 potions of might
 F - 2 potions of heal wounds {!q, @q2}
Comestibles
 c - a meat ration {@e2}
 g - 8 bread rations {@e1}
 o - 8 fruits
 G - a slice of pizza


   Skills:
 + Level 4.0(3.6) Fighting
 * Level 9.6(9.3) Short Blades
 - Level 1.7(1.4) Throwing
 + Level 3.1(2.8) Dodging
 - Level 3.6(3.2) Stealth
 * Level 4.4(4.1) Shields


You had 7 spell levels left.
You knew the following spells:

 Your Spells              Type           Power        Failure   Level  Hunger
o - Apportation           Tloc           #.........   96%         1    ##.....


Dungeon Overview and Level Annotations

Branches:
Dungeon (9/15)             Temple (1/1) D:5
   Lair: D:8-11         Orc: D:9-12

Altars:
Ashenzari
Dithmenos
Elyvilon
Fedhas
Gozag
Hepliaklqana
Kikubaaqudgha
Makhleb
Okawaru
Ru
Sif Muna
Trog
Uskayaw
Vehumet
Xom
Zin
The Shining One

Annotations:
D:4 exclusion: door
D:8 CypherZel's ghost, novice TrFi


Innate Abilities, Weirdness & Mutations

You have a pair of small horns on your head.
You are partially covered in yellow scales. (AC +2)
You sometimes gain power by taking damage.
You are partially covered in sharp spines.
Your life essence is reduced. (-10% HP)


Message History

The two-headed ogre is severely wounded.
You block the two-headed ogre's attack.
The two-headed ogre hits you with a giant club!!
* * * LOW HITPOINT WARNING * * *
You focus on the pain.
You feel your power returning.
You take 17 damage, and have 5/58 hp.
MASSIVE DAMAGE!!
MP restored: 9 You hit the two-headed ogre but do no damage.
The two-headed ogre is severely wounded.
The wight hits you with an enchanted morningstar!
* * * LOW HITPOINT WARNING * * *
You feel drained.
You take 4 damage, and have 1/58 hp.
You now have 2/9 mp.
Unknown command.
You hit the two-headed ogre but do no damage.
The two-headed ogre looks as sick as possible!
The two-headed ogre is severely wounded.
The two-headed ogre is struck by your spines.
The two-headed ogre hits you with a giant club!
You die... █████

█>.<███
█...█.███
█...█...███
█...█.Ψ...███
█.O.█.......███
▲.@.∆........<█
█.z.█.......███
█...█.Ψ...███
█...█...███
█...█.███
█>.<███


█████ You could see a two-headed ogre and a wight.

Vanquished Creatures
  Pikel (D:5)
  Grinder (D:4)
  A spriggan (D:7)
  Menkaure (D:5)
  An ice beast (D:7)
  A slave (D:5)
  An ogre (D:7)
  A centaur (D:7)
  A big kobold (Sewer)
  Blork the orc (D:4)
  A howler monkey (D:7)
  A crimson imp (D:5)
  3 hounds
  2 orc priests
  Jessica (D:3)
  9 worker ants
  An iguana (D:7)
  An orc wizard (D:4)
  Robin (D:4)
  5 gnolls
  11 adders
  5 river rats
  2 shadow imps
  8 worms
  4 dart slugs
  3 leopard geckos
  10 orcs
  3 ball pythons
  5 giant cockroaches
  15 goblins
  12 hobgoblins
  13 jackals
  8 kobolds
  3 quokkas
  5 bats (D:2)
  5 frilled lizards
  A jackal skeleton (D:6)
  A leopard gecko skeleton (D:5)
  8 rats
157 creatures vanquished.

Vanquished Creatures (collateral kills)
  A two-headed ogre (D:5)
  Edmund (D:4)
  2 bullfrogs (D:7)
  A crimson imp (D:7)
  A hound (D:7)
  2 gnolls (D:7)
  An orc (D:7)
9 creatures vanquished.

Vanquished Creatures (others)
  A slave (D:5)
  A worker ant zombie (D:5)
  2 battlemagi
  A quokka (D:5)
5 creatures vanquished.

Grand Total: 171 creatures vanquished

Notes
Turn   | Place    | Note
-------+----------+-------------------------------------------
     0 | D:1      | Goblin1989 the Demonspawn Assassin began the quest for the Orb.
     0 | D:1      | Reached XP level 1. HP: 16/16 MP: 1/1
   309 | D:1      | Reached skill level 2 in Short Blades
   449 | D:1      | Gained mutation: You sometimes gain a little power by taking damage. [demonic ancestry]
   449 | D:1      | Reached XP level 2. HP: 5/22 MP: 2/2
   963 | D:1      | Reached skill level 3 in Short Blades
  1334 | D:2      | Gained mutation: You have a pair of small horns on your head. [demonic ancestry]
  1334 | D:2      | Reached XP level 3. HP: 10/27 MP: 3/3
  2302 | D:2      | Gained mutation: You are partially covered in sharp spines. [demonic ancestry]
  2302 | D:2      | Reached XP level 4. HP: 33/33 MP: 4/4
  2495 | D:2      | Reached skill level 4 in Short Blades
  3328 | D:3      | Found a glowing golden altar of the Shining One.
  3328 | D:3      | Found an ancient bone altar of Kikubaaqudgha.
  3335 | D:3      | Found a sacrificial altar of Ru.
  3411 | D:3      | Noticed Jessica
  3421 | D:3      | Killed Jessica
  3421 | D:3      | Reached skill level 5 in Short Blades
  3421 | D:3      | Reached XP level 5. HP: 24/38 MP: 5/5
  3713 | D:4      | Noticed Robin
  3804 | D:4      | Found a glowing drain.
  3817 | Sewer    | Entered a sewer
  4114 | Sewer    | Reached XP level 6. HP: 23/44 MP: 6/6
  4273 | Sewer    | Found a white marble altar of Elyvilon.
  4332 | D:4      | Reached skill level 6 in Short Blades
  4339 | D:4      | Killed Robin
  4697 | D:4      | Noticed Edmund
  4731 | D:5      | Entered Level 5 of the Dungeon
  4840 | D:5      | Noticed Menkaure
  4843 | D:5      | Noticed a slave
  4844 | D:5      | Found a staircase to the Ecumenical Temple.
  4844 | D:5      | Noticed a slave
  4844 | D:5      | Noticed a slave
  4845 | D:5      | Noticed a slave
  4846 | D:5      | Noticed Pikel
  4854 | D:5      | Killed Menkaure
  4854 | D:5      | Reached skill level 7 in Short Blades
  4854 | D:5      | Gained mutation: You are partially covered in yellow scales. (AC +2) [demonic ancestry]
  4854 | D:5      | Reached XP level 7. HP: 18/50 MP: 7/7
  4867 | D:5      | Killed Pikel
  4867 | D:5      | Reached skill level 8 in Short Blades
  4887 | Temple   | Entered the Ecumenical Temple
  4960 | Temple   | Became a worshipper of Hepliaklqana the Forgotten
  5006 | D:5      | Learned a level 1 spell: Apportation
  5326 | D:6      | Found a white marble altar of Elyvilon.
  5350 | D:6      | Reached skill level 1 in Shields
  5376 | D:6      | Reached * piety under Hepliaklqana
  5433 | D:6      | Reached skill level 1 in Dodging
  5767 | D:4      | Noticed Blork the orc
  5773 | D:4      | Killed Blork the orc
  5773 | D:4      | Reached XP level 8. HP: 51/51 MP: 8/8
  5790 | D:4      | Found a deep blue altar of Sif Muna.
  6108 | D:4      | Noticed Grinder
  6111 | D:4      | Killed Grinder
  6210 | D:4      | Reached ** piety under Hepliaklqana
  6212 | D:4      | Remembered your ancestor Decima as a battlemage
  6264 | D:4      | Killed Edmund
  6285 | D:4      | Reached skill level 9 in Short Blades
  6505 | D:5      | Noticed a two-headed ogre
  6509 | D:5      | Killed a two-headed ogre
  6767 | D:7      | Gained mutation: You sometimes gain power by taking damage. [demonic ancestry]
  6767 | D:7      | Reached XP level 9. HP: 14/58 MP: 2/9
  7440 | D:7      | Found a white marble altar of Elyvilon.
  7613 | D:8      | Noticed CypherZel's ghost (novice TrFi)
  7630 | D:9      | Reached *** piety under Hepliaklqana
  7655 | D:9      | HP: 1/58 [wight/enchanted morningstar (4)]
  7656 | D:9      | Mangled by a two-headed ogre

Vault maps used:
D:1:      lemuel_arrival_behind_the_door_large, kennysheep_boxes
D:2:      first_bread, grunt_ministairs_4, st_stairs_7
D:3:      grunt_temple_overflow_open, uniq_jessica
D:4:      led_sif_book, portal_sewer_entry_b, minmay_misc_feat_iff,
          uniq_grinder, uniq_robin, uniq_blork_the_orc, uniq_edmund
D:5:      uniq_pikel, uniq_menkaure
D:6:      elyvilon_altar_5
D:7:      the_bakery, minivault_23, grunt_ministairs_9, lemuel_statue_altar
D:8:      basic_altar, kennysheep_generic_room_15
D:9:      minmay_diamond_stairs, kennysheep_ying_yang, uniq_erica
Temple:   regret_index_temple_waves
Sewer:    sewer_kobolds

Skill      XL: |  1  2  3  4  5  6  7  8  9 |
---------------+----------------------------+-----
Short Blades   | 2 3 5 7 8 9 |  9.6
Shields        | 1 3 4 |  4.4
Dodging        | 1 2 3 |  3.1
Fighting       | 3 4 |  4.0
Throwing       | |  1.7
Stealth        | |  3.6

Action                   |  1- 3 |  4- 6 |  7- 9 || total
-------------------------+-------+-------+-------++-------
Melee: Dagger            |   105 |   178 |   201 ||   484
       Headbutt          |    10 |    35 |    49 ||    94
 Fire: Blowgun           |     3 |       |       ||     3
Invok: Ancestor Life: Ba |       |       |     1 ||     1
  Use: Scroll            |       |    10 |       ||    10
       Potion            |       |     1 |     2 ||     3
 Stab: Sleeping          |     3 |     8 |    10 ||    21
       Invisible         |       |       |     2 ||     2
       Distracted        |       |       |     2 ||     2
  Eat: Chunk             |     3 |     7 |     9 ||    19
       Royal jelly       |       |     1 |       ||     1
Armor: Robe              |    20 |    25 |    18 ||    63
Dodge: Dodged            |    53 |    61 |    58 ||   172
Block: Shield            |       |    42 |    47 ||    89

Vault maps used:
D:1:      lemuel_arrival_behind_the_door_large, kennysheep_boxes
D:2:      first_bread, grunt_ministairs_4, st_stairs_7
D:3:      grunt_temple_overflow_open, uniq_jessica
D:4:      led_sif_book, portal_sewer_entry_b, minmay_misc_feat_iff,
          uniq_grinder, uniq_robin, uniq_blork_the_orc, uniq_edmund
D:5:      uniq_pikel, uniq_menkaure
D:6:      elyvilon_altar_5
D:7:      the_bakery, minivault_23, grunt_ministairs_9, lemuel_statue_altar
D:8:      basic_altar, kennysheep_generic_room_15
D:9:      minmay_diamond_stairs, kennysheep_ying_yang, uniq_erica
Temple:   regret_index_temple_waves
Sewer:    sewer_kobolds
